 Dungeon Crawl Stone Soup version 0.29.0-7-g18a832c13a (webtiles) character file.

Game seed: 7826849902246921340

53394 Tyszek the Imperceptible (level 14, -4/70 HPs)
             Began as a Spriggan Enchanter on Sept 1, 2022.
             Was an Initiate of Gozag.
             Drowned by a drowned soul (13 damage)
             ... summoned by a merfolk avatar
             ... on level 1 of the Shoals.
             The game lasted 01:08:56 (23258 turns).

Tyszek the Imperceptible (Spriggan Enchanter)      Turns: 23258, Time: 01:08:57

Health: -4/70      AC:  8    Str:  4    XL:     14   Next: 30%
Magic:  21/33      EV: 26    Int: 21    God:    Gozag
Gold:   468        SH:  8    Dex: 16    Spells: 16/25 levels left

rFire   + . .      SeeInvis +   a - +4 dagger (elec)
rCold   . . .      Faith    .   q - -2 buckler "Rauj" {Rampage Slay+2}
rNeg    . . .      Spirit   .   y - +2 robe {Archmagi}
rPois   +          Reflect  +   w - +1 hat {Stlth+}
rElec   .          Harm     .   z - +2 cloak {Stlth+}
rCorr   .          Rampage  +   (gloves unavailable)
Will    ++...      Archmagi +   (boots unavailable)
Stlth   ++++++....              e - amulet of the Morning {Reflect rPois SH+5}
HPRegen 0.21/turn               v - ring of protection from fire
MPRegen 0.23/turn               r - ring of magical power

@: about to teleport, gold aura, mesmerised, slow
A: very small, no large weapons, unfitting armour, see invisible, speed 3
a: Renounce Religion, Potion Petition, Call Merchant, Bribe Branch


You were on level 1 of the Shoals.
You worshipped Gozag.
Gozag was aware of your devotion.
You visited 4 branches of the dungeon, and saw 15 of its levels.

You collected 4536 gold pieces.
You spent 643 gold pieces at shops.
You paid 3425 gold pieces to Gozag.

Inventory:

Hand Weapons
 a - a +4 dagger of electrocution (weapon)
 l - a +1 dagger of draining
Armour
 b - a +1 robe
 q - the -2 buckler "Rauj" (worn) {Rampage Slay+2}
   (You bought it in a shop on level 2 of the Lair of Beasts)

   Slay:      It affects your accuracy & damage with ranged weapons and melee
   (+2).
   Rampage:   It bestows one free step when moving towards enemies.
 w - a +1 hat of stealth (worn)
 y - a +2 robe of the Archmagi (worn)
 z - a +2 cloak of stealth (worn)
Jewellery
 e - the amulet of the Morning (around neck) {Reflect rPois SH+5}
   (You acquired it on level 3 of the Dungeon)

   [amulet of reflection]

   It reflects blocked missile attacks.
   rPois:     It protects you from poison.
   SH:        It affects your SH (+5).
 n - an amulet of guardian spirit
 p - the amulet "Daeph" {Rampage rN+ Regen+ Str-3}
   (You found it on level 5 of the Lair of Beasts)

   [amulet of regeneration]

   Str:       It affects your strength (-3).
   rN:        It protects you from negative energy.
   Regen:     It increases your rate of health regeneration.
   Rampage:   It bestows one free step when moving towards enemies.
 r - a ring of magical power (right hand)
 s - a ring of wizardry
 v - a ring of protection from fire (left hand)
 H - a ring of fire
 J - a ring of wizardry
Wands
 h - a wand of polymorph (14)
 u - a wand of charming (7)
 G - a wand of iceblast (3)
 I - a wand of mindburst (8)
Scrolls
 c - 2 scrolls of identify
 f - a scroll of torment
 i - 2 scrolls of brand weapon
 o - a scroll of enchant armour
 x - a scroll of vulnerability
 C - 3 scrolls of poison
 D - a scroll of teleportation
 F - 2 scrolls of amnesia
Potions
 d - 2 potions of berserk rage
 g - a potion of magic
 j - 8 potions of curing
 k - 3 potions of cancellation
 m - a potion of flight
 t - 3 potions of ambrosia
 A - a potion of mutation
 B - 4 potions of brilliance
Miscellaneous
 E - a piece from Xom's chessboard (15/15)


   Skills:
 + Level 6.9 Fighting
 - Level 10.0 Short Blades
 - Level 15.0 Dodging
 + Level 24.6 Stealth
 + Level 0.2 Shields
 - Level 6.0 Spellcasting
 * Level 1.3 Conjurations
 - Level 10.0 Hexes
 - Level 0.2 Ice Magic
 * Level 1.7 Air Magic
 * Level 2.1 Poison Magic


You had 16 spell levels left.
You knew the following spells:

 Your Spells              Type           Power      Damage    Failure   Level
a - Ensorcelled Hibernat  Hex/Ice        82%        N/A       4%          2
b - Confusing Touch       Hex            64%        N/A       1%          3
c - Slow                  Hex            100%       N/A       1%          1
d - Mephitic Cloud        Conj/Pois/Air  20%        N/A       30%         3

Your spell library contained the following spells:

 Spells                   Type           Power      Damage    Failure   Level
 Tukima's Dance           Hex            64%        N/A       1%          3
 Dazzling Flash           Conj/Hex       90%        N/A       6%          3
 Sandblast                Erth           18%        2d7       22%         1
 Sublimation of Blood     Necr           9%         N/A       32%         2
 Wereblood                Tmut           9%         N/A       32%         2
 Ignite Poison            Fire/Tmut/Pois 13%        N/A       43%         3
 Frozen Ramparts          Ice            22%        1d4       50%         3
 Vampiric Draining        Necr           9%         2d6       54%         3
 Ice Form                 Ice/Tmut       10%        N/A       90%         4
 Summon Ice Beast         Ice/Summ       10%        N/A       90%         4
 Freezing Cloud           Conj/Ice/Air   8%         6-21      98%         5
 Summon Hydra             Summ           4%         N/A       100%        7


Dungeon Overview and Level Annotations

Branches:
Dungeon (8/15)             Temple (1/1) D:5            Lair (5/5) D:8
 Shoals (1/4) Lair:2       Spider (0/4) Lair:2        Slime (0/5) Lair:4

Altars:
Ashenzari
Cheibriados
Dithmenos
Elyvilon
Fedhas
Gozag
Hepliaklqana
Kikubaaqudgha
Makhleb
Nemelex Xobeh
Okawaru
Qazlal
Ru
Sif Muna
Trog
Uskayaw
Vehumet
Wu Jian
Xom
Yredelemnul
Zin
The Shining One

Shops:
D:8 ([   Lair:2 [


Innate Abilities, Weirdness & Mutations

You are very small and have problems with some larger weapons.
You are too small for most types of armour.
You have supernaturally acute eyesight. (SInv)
You cover ground extremely quickly. (Speed+++)


Message History

Aim: a merfolk avatar (mesmerising, chance to affect: 2%)
Okay, then.
Unknown command.
Casting: Ensorcelled Hibernation (safe; 4% risk of failure)
Confirm with . or Enter, or press ? or * to list all spells.
Aiming: Ensorcelled Hibernation (safe; 4% risk of failure)
Press: ? - help, Shift-Dir - straight line, f - water nymph, p - merfolk avatar
Aim: a water nymph (chance to affect: 8%)
You feel a surge of power!
The water nymph resists with almost no effort.
The merfolk avatar chants its luring song.
Casting: Ensorcelled Hibernation (safe; 4% risk of failure)
Confirm with . or Enter, or press ? or * to list all spells.
Aiming: Ensorcelled Hibernation (safe; 4% risk of failure)
Press: ? - help, Shift-Dir - straight line, f/p - water nymph
Aim: a water nymph (chance to affect: 8%)
You feel a surge of power!
The water nymph resists with almost no effort.
The pull of its song draws you forwards.
The drowned soul touches you. The drowned soul drowns you!
You block the water nymph's attack.
The merfolk avatar chants its luring song.
As you read the scroll of teleportation, it crumbles to dust.
You feel strangely unstable. The water nymph misses you.
The merfolk avatar is distracted by your dazzling golden aura.
You feel better.
The pull of its song draws you forwards.
The water nymph casts a spell at you. The water swirls and strikes you!!
* * * LOW HITPOINT WARNING * * *
The drowned soul is no longer distracted by gold.
The water nymph gestures at you while chanting.
The water swirls and strikes you!
* * * LOW HITPOINT WARNING * * *
Your unstable footing causes you to fumble your attack.
The merfolk avatar is no longer distracted by gold.
The merfolk avatar chants its luring song.
The drowned soul touches you. The drowned soul drowns you!
You die...
Your body crumbles into a pile of gold.

~..#...~~~~...~......
~~~..##..~~..~~~...$~~..
~~~~..)..~~.>~~~~..~~~..
~.~.~...~~~~$.~~....~~~.
~~...~~~~~$~.~~.......
~~...~~~≈≈~~~~.....#
~~~~..~~Wm~~~~..!..##
≈~~~~~~~~~~~~~$.....####
≈≈≈~~~~@~~~~~~~......##.
≈≈≈≈≈≈m~~~~~~~~......#.~
≈≈≈≈≈≈≈≈~~~~~~~....##...
≈≈W≈≈≈W≈≈≈≈≈≈~~!...##...
≈≈≈≈≈≈≈≈≈≈≈≈≈~~....##...
≈≈≈≈≈≈≈≈≈≈≈≈≈~~~..~##...
≈≈≈≈≈≈≈≈≈≈≈≈≈≈~~~..###..
≈≈≈≈≈≈≈≈≈≈≈≈≈≈≈~~..# #.~
..~


You could see a merfolk avatar (mesmerising), a water nymph and 3 drowned souls.

Vanquished Creatures
  Nikola (Shoals:1)
  4 dire elephants (Lair:5)
  Snorg (Lair:5)
  A merfolk impaler (Shoals:1)
  A boulder beetle (Lair:4)
  3 hydras
  Erica (D:8)
  A two-headed ogre (D:8)
  A merfolk aquamancer (Shoals:1)
  A catoblepas (Lair:4)
  A death yak (Lair:5)
  A spectral anaconda (Lair:5)
  Pikel (D:7)
  A lindwurm (Lair:2)
  An obsidian statue (Lair:5)
  3 necromancers (Lair:5)
  A faun (Shoals:1)
  2 manticores
  A dire elephant zombie (Lair:5)
  5 elephants (Lair:5)
  7 black mambas
  A dire elephant skeleton (Lair:5)
  2 merfolk sirens (Shoals:1)
  10 cane toads
  A water nymph (Shoals:1)
  2 torpor snails
  A rime drake (Lair:5)
  8 komodo dragons
  A troll (D:6)
  4 merfolk (Shoals:1)
  2 polar bears
  A queen bee (Lair:2)
  27 blink frogs
  Prince Ribbit (D:6)
  2 snapping turtles (Shoals:1)
  11 dream sheep
  3 jumping spiders (Lair:2)
  4 culicivoras (Lair:2)
  6 water elementals
  36 yaks
  A wyvern (D:8)
  A dire elephant simulacrum (Lair:5)
  A redback (Lair:2)
  4 basilisks
  2 steam dragons (D:6)
  A death yak simulacrum (Lair:5)
  2 spectral cane toads (Lair:5)
  2 acid dragons
  8 water moccasins
  3 orc warriors
  An ice beast (D:8)
  2 sky beasts
  4 black bears
  5 ogres
  17 wolves
  4 centaurs
  2 lemures (D:7)
  2 elephant skeletons (Lair:5)
  Blork the orc (D:5)
  12 bullfrogs
  2 kobold brigands
  A necrophage (D:6)
  A gnoll sergeant (D:7)
  2 cane toad simulacra (Lair:5)
  2 scorpions
  17 wights
  34 killer bees
  A howler monkey (D:8)
  5 hounds (D:6)
  A jelly (D:4)
  4 orc priests
  2 gnoll boudas
  Crazy Yiuf (D:7)
  6 iguanas
  13 orc wizards
  13 gnolls
  9 adders
  A shadow imp (D:6)
  A white imp (D:6)
  2 ufetubi
  2 dart slugs (D:4)
  49 orcs
  3 ball pythons
  13 endoplasms
  6 giant cockroaches
  10 goblins
  9 hobgoblins
  7 jackals
  16 kobolds
  3 quokkas
  10 bats
  5 frilled lizards
  7 rats
495 creatures vanquished.

Vanquished Creatures (others)
  15 fungi
  33 plants
  4 toadstools (D:8)
  14 withered plants (Lair:5)
66 creatures vanquished.

Grand Total: 561 creatures vanquished

Notes
Turn   | Place    | Note
-------+----------+-------------------------------------------
     0 | D:1      | Tyszek the Spriggan Enchanter began the quest for the Orb.
     0 | D:1      | Reached XP level 1. HP: 9/9 MP: 5/5
    54 | D:1      | Found a faded altar of an unknown god.
   128 | D:1      | Reached skill level 5 in Stealth
   201 | D:1      | Reached XP level 2. HP: 11/13 MP: 6/6
  1249 | D:1      | Learned a level 2 spell: Ensorcelled Hibernation
  1572 | D:2      | Reached XP level 3. HP: 12/14 MP: 5/8
  1820 | D:2      | Reached skill level 6 in Stealth
  2309 | D:2      | Reached XP level 4. HP: 21/21 MP: 9/9
  2555 | D:3      | Identified a scroll of acquirement
  2555 | D:3      | Acquired the amulet of the Morning {Reflect rPois SH+5}
  3600 | D:4      | Reached XP level 5. HP: 24/24 MP: 7/10
  3650 | D:4      | Reached skill level 7 in Stealth
  3790 | D:4      | Found a broken altar of Ashenzari.
  3817 | D:4      | Identified the +2 chain mail "Qeplyn" {rN+}
  3829 | D:4      | Reached XP level 6. HP: 28/28 MP: 11/11
  4200 | D:4      | Reached skill level 5 in Short Blades
  4200 | D:4      | Reached skill level 8 in Stealth
  4200 | D:4      | Reached skill level 1 in Poison Magic
  4220 | D:4      | Found a basalt altar of Yredelemnul.
  4347 | D:5      | Entered Level 5 of the Dungeon
  4347 | D:5      | Found a staircase to the Ecumenical Temple.
  4359 | Temple   | Entered the Ecumenical Temple
  4378 | Temple   | Became a worshipper of Gozag Ym Sagoz the Greedy
  4915 | D:3      | Learned a level 3 spell: Confusing Touch
  4917 | D:3      | Learned a level 1 spell: Slow
  5320 | D:5      | Reached XP level 7. HP: 27/32 MP: 6/14
  5441 | D:5      | Reached skill level 5 in Hexes
  5540 | D:5      | Noticed Blork the orc
  5541 | D:5      | Found a blossoming altar of Fedhas.
  5546 | D:5      | Killed Blork the orc
  5872 | D:5      | Reached skill level 1 in Fighting
  5980 | D:5      | Found a faded altar of an unknown god.
  5983 | D:5      | Found a faded altar of an unknown god.
  5983 | D:5      | Found a hazy altar of Hepliaklqana.
  6116 | D:5      | Found a shimmering blue altar of Sif Muna.
  6282 | D:5      | Got Sif Muna's Discursus on Minerals
  6401 | D:6      | Reached XP level 8. HP: 38/38 MP: 12/15
  6466 | D:6      | Noticed Prince Ribbit
  6468 | D:6      | Noticed a troll
  6482 | D:6      | Killed a troll
  6485 | D:6      | Killed Prince Ribbit
  6486 | D:6      | Reached skill level 5 in Dodging
  6593 | D:6      | Reached XP level 9. HP: 24/44 MP: 9/16
  7900 | D:6      | Reached skill level 9 in Stealth
  8199 | D:6      | Reached skill level 10 in Stealth
  8642 | D:7      | Reached skill level 11 in Stealth
  9030 | D:7      | Reached skill level 12 in Stealth
  9229 | D:7      | Found a shimmering altar of Xom.
  9296 | D:7      | Reached XP level 10. HP: 40/48 MP: 12/17
  9623 | D:7      | Found a runed translucent door.
  9624 | D:7      | Noticed Crazy Yiuf
  9632 | D:7      | Killed Crazy Yiuf
  9732 | D:7      | Noticed Pikel
  9835 | D:7      | Killed Pikel
 10499 | D:5      | Reached skill level 5 in Spellcasting
 10784 | D:8      | Found a staircase to the Lair.
 10986 | D:8      | Found a burning altar of Makhleb.
 11155 | D:8      | Noticed a two-headed ogre
 11159 | D:8      | Killed a two-headed ogre
 11160 | D:8      | Reached skill level 13 in Stealth
 11525 | D:8      | Noticed Erica
 11532 | D:8      | Killed Erica
 11533 | D:8      | Reached skill level 14 in Stealth
 11758 | Lair:1   | Entered Level 1 of the Lair of Beasts
 11758 | Lair:1   | You fall into a shaft and drop 1 floor!
 11758 | Lair:2   | Found a hole to the Spider Nest.
 11764 | Lair:2   | Reached XP level 11. HP: 35/54 MP: 16/21
 11779 | Lair:2   | Found a staircase to the Shoals.
 11813 | Lair:2   | Reached skill level 15 in Stealth
 12215 | Lair:2   | Reached skill level 5 in Fighting
 12215 | Lair:2   | Reached skill level 10 in Hexes
 12320 | Lair:2   | Noticed a lindwurm
 12326 | Lair:2   | Killed a lindwurm
 12813 | Lair:2   | Reached skill level 10 in Short Blades
 12881 | Lair:2   | Reached skill level 10 in Dodging
 13505 | Lair:2   | Reached XP level 12. HP: 54/61 MP: 14/22
 15164 | D:8      | Reached skill level 15 in Dodging
 15676 | Lair:1   | Reached skill level 16 in Stealth
 16132 | Lair:3   | Noticed a five-headed hydra
 16137 | Lair:3   | Reached skill level 17 in Stealth
 16138 | Lair:3   | Identified the +4 leather armour "Qoodgh" {Int+5}
 16146 | Lair:3   | Killed a five-headed hydra
 16442 | Lair:3   | Reached skill level 18 in Stealth
 16992 | Lair:4   | Reached XP level 13. HP: 65/65 MP: 23/23
 17404 | Lair:4   | Reached skill level 19 in Stealth
 17756 | Lair:4   | Found a staircase to the Slime Pits.
 17807 | Lair:4   | Reached skill level 20 in Stealth
 18265 | Lair:5   | Entered Level 5 of the Lair of Beasts
 18838 | Lair:5   | Reached skill level 21 in Stealth
 19243 | Lair:5   | Noticed Snorg
 19297 | Lair:5   | Killed Snorg
 19485 | Lair:5   | Noticed a dire elephant
 19486 | Lair:5   | Noticed a dire elephant
 19486 | Lair:5   | Noticed a dire elephant
 19491 | Lair:5   | Noticed a dire elephant
 19498 | Lair:5   | Killed a dire elephant
 19499 | Lair:5   | Reached skill level 22 in Stealth
 19736 | Lair:5   | Identified the amulet "Daeph" {Rampage rN+ Regen+ Str-3}
 20220 | Lair:5   | Killed a dire elephant
 20224 | Lair:5   | Killed a dire elephant
 20225 | Lair:5   | Reached skill level 23 in Stealth
 20250 | Lair:5   | Killed a dire elephant
 20512 | Lair:5   | Identified the +1 hand axe "Loolaan" {venom, rElec rF++ rC-
                  | Stlth+}
 20888 | Lair:5   | Reached XP level 14. HP: 70/70 MP: 19/24
 21291 | Lair:5   | Reached skill level 24 in Stealth
 21439 | Lair:5   | Learned a level 3 spell: Mephitic Cloud
 21609 | Shoals:1 | Entered Level 1 of the Shoals
 23080 | Lair:2   | Bought a jewelled buckler for 370 gold pieces
 23080 | Lair:2   | Identified the -2 buckler "Rauj" {Rampage Slay+2} (You
                  | bought it in a shop on level 2 of the Lair of Beasts)
 23080 | Lair:2   | Bought a glowing hat for 273 gold pieces
 23160 | Shoals:1 | Noticed Nikola
 23165 | Shoals:1 | Killed Nikola
 23166 | Shoals:1 | Reached skill level 1 in Conjurations
 23166 | Shoals:1 | Reached skill level 1 in Air Magic
 23258 | Shoals:1 | Drowned by a drowned soul

Illustrated notes

Levels and vault maps discovered:
D:1:      ncdulo_wetmaze, layout_basic, chequers_ecumenical_altar_simple_redux
D:2:      layout_basic
D:3:      layout_loops_ring, glass_columns_c, kennysheep_another_room
D:4:      layout_rooms, mainiacjoe_overflow_alcove_2,
          mainiacjoe_overflow_alcove_4
D:5:      layout_gridville, led_sif_book, mainiacjoe_overflow_tiny_flanked,
          nicolae_hepliaklqana_ecumenical_no_more,
          minmay_temple_entry_crystal_x, roderic_roman_lattice,
          uniq_blork_the_orc
D:6:      minmay_bubble_buster, layout_basic, uniq_prince_ribbit1
D:7:      layout_basic, mainiacjoe_overflow_24_doors, uniq_pikel,
          uniq_crazy_yiuf_cottage
D:8:      layout_basic, mainiacjoe_overflow_concentric_impassable,
          lair_entry_dummy, special_room [special_room_orc],
          minmay_gold_behind_fungi, uniq_erica
Temple:   nicolae_temple_superstar
Lair:1:   layout_gridlike
Lair:2:   layout_roguey, minmay_shoals_entry_centaurs,
          nicolae_spider_entry_tight_spaces, special_room [special_room_bee],
          enter_volcano_4
Lair:3:   layout_loops_ring, hibernation_bobbens
Lair:4:   layout_concentric_octagons, dpeg_slime_entry_enclosed, pond
Lair:5:   due_jungle_book, layout_gridlike, chequers_serial_rivers_micro_a,
          eino_small_chamber_without_monster, uniq_snorg
Shoals:1: cheibrodos_shoals_baths, layout_shoals, ebering_ghost_rock_garden,
          nicolae_shoals_lost_giant_amphitheater, uniq_nikola

Skill      XL: |  1  2  3  4  5  6  7  8  9 10 11 12 13 14 |
---------------+-------------------------------------------+-----
Stealth        | 5 6 7 8 12 14 15 18 23 24 | 24.6
Short Blades   | 2 3 4 5 6 8 10 | 10.0
Poison Magic   | 1 2 |  2.1
Spellcasting   | 4 6 |  6.0
Hexes          | 4 8 9 10 | 10.0
Fighting       | 1 3 4 6 |  6.9
Dodging        | 6 8 12 15 | 15.0
Conjurations   | 1 |  1.3
Air Magic      | 1 |  1.7
Shields        | |  0.2
Ice Magic      | |  0.2

Action                   |  1- 3 |  4- 6 |  7- 9 | 10-12 | 13-15 || total
-------------------------+-------+-------+-------+-------+-------++-------
Melee: Dagger            |   107 |   176 |   250 |   509 |   381 ||  1423
       Punch             |     1 |     4 |     3 |     9 |     3 ||    20
 Cast: Ensorcelled Hiber |    15 |    11 |    91 |   160 |    82 ||   359
       Confusing Touch   |       |     2 |    18 |    22 |    20 ||    62
Invok: Call Merchant     |       |       |       |     2 |     1 ||     3
       Potion Petition   |       |       |       |       |     1 ||     1
Evoke: Wand              |       |       |       |       |    24 ||    24
       Piece from Xom's  |       |       |       |       |     2 ||     2
  Use: Scroll            |       |    13 |       |     6 |     7 ||    26
       Potion            |       |     2 |     3 |     3 |     5 ||    13
 Stab: Sleeping          |    26 |    20 |    51 |   126 |    67 ||   290
       Confused          |       |     1 |    10 |    15 |    14 ||    40
       Invisible         |       |       |     8 |       |     9 ||    17
       Distracted        |       |       |       |     7 |     3 ||    10
Armor: Robe              |    12 |    13 |     5 |    30 |    16 ||    76
Dodge: Dodged            |    65 |   124 |   174 |   357 |   259 ||   979
Block: Other             |       |    49 |    46 |    89 |    66 ||   250
       Reflection        |       |       |     2 |     1 |     3 ||     6
       Buckler           |       |       |       |       |     2 ||     2
